 Dungeon Crawl Stone Soup version 0.30-a0-860-g512cf1e979 (webtiles) character file.

Game seed: 11977298620362066910

2170 NinjaNoafa the Thaumaturge (level 9, -2/68 HPs)
             Began as a Djinni Conjurer on Mar 7, 2023.
             Shot with an arrow by a centaur (7 damage)
             ... on level 7 of the Dungeon.
             The game lasted 00:12:16 (5334 turns).

NinjaNoafa the Thaumaturge (Djinni Conjurer)        Turns: 5334, Time: 00:12:16

Health: -2/68      AC:  7    Str:  6    XL:     9   Next: 58%
Gold:   353        EV: 12    Int: 30    God:
                   SH:  0    Dex: 12

rFire   + + .      SeeInvis .    g - +4 whip
rCold   x . .      Faith    .    (no shield)
rNeg    . . .      Spirit   .    M - +1 robe {Archmagi}
rPois   ∞          Reflect  .    t - +2 helmet
rElec   .          Rampage  .    (no cloak)
rCorr   .          Archmagi +    l - +0 pair of gloves
Will    .....                    (boots unavailable)
Stlth   ++                       x - amulet of regeneration
HPRegen 1.11/turn                b - ring of wizardry
MPRegen 0.00/turn                z - +6 ring of intelligence

@: immotile, flying
A: sickness immunity, fire resistance 2, cold vulnerability 1, float, innate
caster, HP casting, extra vitality 1
a: no special abilities


You were on level 7 of the Dungeon.
You visited 1 branch of the dungeon, and saw 7 of its levels.

You collected 353 gold pieces.

Inventory:

Hand Weapons
 g - a +4 whip (weapon)
Missiles
 q - 22 poisoned darts
 A - 2 boomerangs
 C - 3 curare-tipped darts
Armour
 l - a +0 pair of gloves (worn)
 t - a +2 helmet (worn)
 M - a +1 robe of the Archmagi (worn)
Jewellery
 b - a ring of wizardry (left hand)
 i - a +4 ring of protection
 x - an amulet of regeneration (around neck)
 y - a ring of willpower
 z - a +6 ring of intelligence (right hand)
Wands
 w - a wand of roots (8)
Scrolls
 m - 2 scrolls of fog {unknown}
 n - a scroll of poison {unknown}
 o - 2 scrolls of amnesia {unknown}
 r - 2 scrolls of vulnerability {unknown}
 s - 4 scrolls of identify {unknown}
 v - 3 scrolls of magic mapping {unknown}
 B - a scroll of butterflies {unknown}
 D - 4 scrolls of enchant armour {unknown}
 G - a scroll of noise {unknown}
 H - a scroll of silence {unknown}
 I - a scroll of teleportation {unknown}
 J - a scroll of immolation {unknown}
 K - a scroll of enchant weapon {unknown}
Potions
 c - a potion of brilliance {unknown}
 d - a potion of flight {unknown}
 e - a potion of heal wounds {unknown}
 f - 2 potions of haste {unknown}
 h - a potion of might {unknown}
 j - 4 potions of curing {unknown}
 k - a potion of magic {unknown}
 p - 2 potions of degeneration {unknown}
 u - 2 potions of ambrosia {unknown}
 E - a potion of attraction {unknown}
 F - a potion of resistance {unknown}
 L - a potion of mutation {unknown}


   Skills:
 - Level 7.0 Fighting
 - Level 2.1 Dodging
 - Level 1.5 Stealth
 + Level 8.2 Spellcasting


You knew the following spells:

 Your Spells              Type           Power      Damage    Failure   Level
a - Magic Dart            Conj           100%       1d8       1%          1
b - Searing Ray           Conj           100%       2d8       1%          2
c - Dazzling Flash        Conj/Hex       100%       N/A       1%          3
d - Fulminant Prism       Conj/Hex       37%        3d17      1%          4
e - Gell's Gravitas       Tloc           75%        N/A       1%          3
f - Freeze                Ice            100%       1d10      1%          1
g - Lesser Beckoning      Tloc           100%       N/A       1%          2
h - Momentum Strike       Conj/Tloc      100%       3d10      1%          2
i - Iskenderun's Mystic   Conj/Tloc      75%        2d15      1%          4
Your spell library was empty.

Dungeon Overview and Level Annotations

Branches:
Dungeon (7/15)
 Temple: D:4-7

Altars:
Cheibriados
Gozag
Trog
Uskayaw

Annotations:
D:3 3 runed translucent doors, tgirl's ghost, weakling OpMo
D:5 3 runed translucent doors, baller8008's ghost, novice DECj


Innate Abilities, Weirdness & Mutations

You are immune to sickness and miasma.
You are immune to poison.
Your flesh is very heat resistant. (rF++)
You are vulnerable to cold. (rC-)
You float through the air rather than walking.
You learn spells naturally, not from books.
Your magical power is your life essence.
You have superior vitality. (+4 MHP)


Message History

You feel a surge of power!
You erupt in a blast of force!
The mystic blast hits the gnoll!
The gnoll is heavily wounded.
The mystic blast hits the gnoll bouda!!
You kill the gnoll bouda!
The mystic blast hits the gnoll!
You kill the gnoll!
* * * LOW HITPOINT WARNING * * *
The white imp gestures at you. The puff of frost hits you!
You feel a terrible chill!
* * * LOW HITPOINT WARNING * * *
The gnoll closely misses you.
Unknown command.
Casting: Iskenderun's Mystic Blast (dangerous; 1% risk of failure)
Press: ? - help, Q - select action, (/) - cycle Dir - look around, f - activate You feel a surge of power!
You erupt in a blast of force!
The mystic blast hits the gnoll.
The gnoll is almost dead.
The gnoll is knocked back by the mystic blast.
* * * LOW HITPOINT WARNING * * *
The white imp gestures at you. The puff of frost hits you.
You feel a terrible chill!
* * * LOW HITPOINT WARNING * * *
A centaur comes into view.
Unknown command.
Unknown command.
Unknown command.
Casting: Iskenderun's Mystic Blast (dangerous; 1% risk of failure)
Confirm with . or Enter, or press ? or * to list all spells.
Aiming: Momentum Strike (safe; 1% risk of failure)
Press: ? - help, Dir - move target, f - white imp
Aim: a white imp (78% to hit)
You feel a surge of power!
The concentrated momentum hits the white imp!
You kill the white imp!
You are unable to move.
* * * LOW HITPOINT WARNING * * *
The centaur wields a +0 shortbow.
The centaur shoots an arrow.
The arrow hits you!
You die...

..(.....
...##...##........ .
....#....#.##....## ..
...........#......##.##
...........#...........
...#.......##....)..#..
#........###..).....#.
#.....†.#..).@)g....#
#....c†...).......
##................
#...##...........
#....#...........
#.#<.#..#.........
#.###....##.....##> ...
....###....## ..! ..###
..


You could see a centaur and a gnoll (swift).

Vanquished Creatures
  Sigmund (D:2)
  A shadow (D:7)
  Edmund (D:6)
  Menkaure (D:6)
  A sky beast (D:7)
  An ogre (D:5)
  A black bear (D:6)
  A centaur (D:6)
  A phantom (D:6)
  A bullfrog (D:7)
  A gnoll sergeant (D:6)
  A scorpion (D:6)
  4 howler monkeys
  5 hounds
  4 orc priests
  2 gnoll boudas
  2 jellies
  A sleepcap (D:6)
  Jessica (D:2)
  Ijyb (D:3)
  Natasha (thrice) (D:2)
  An orc wizard (D:4)
  Robin (D:3)
  9 adders
  11 gnolls
  A white imp (D:7)
  An ufetubus (D:6)
  3 worms
  A dart slug (D:5)
  8 orcs
  6 bats
  7 endoplasms
  2 giant cockroaches
  12 goblins
  6 hobgoblins
  2 jackals (D:1)
  5 quokkas
  6 ball pythons
  5 frilled lizards
  2 kobolds (D:4)
  6 rats
130 creatures vanquished.

Vanquished Creatures (others)
  9 fulminant prisms
9 creatures vanquished.

Grand Total: 139 creatures vanquished

Notes
Turn   | Place    | Note
-------+----------+-------------------------------------------
     0 | D:1      | NinjaNoafa the Djinni Conjurer began the quest for the Orb.
     0 | D:1      | NinjaNoafa set off with the following spells memorised:
                  | Magic Dart, Searing Ray, Dazzling Flash, Fulminant Prism,
                  | Iskenderun's Mystic Blast.
     0 | D:1      | Reached XP level 1. HP: 15/15 MP: 0/0
    99 | D:1      | Reached XP level 2. HP: 13/22 MP: 0/0
   115 | D:1      | Reached skill level 1 in Fighting
   408 | D:1      | Reached XP level 3. HP: 21/27 MP: 0/0
   408 | D:1      | Learned a level 1 spell: Freeze
   981 | D:2      | Reached XP level 4. HP: 26/33 MP: 0/0
  1023 | D:2      | Noticed Jessica
  1027 | D:2      | Killed Jessica
  1128 | D:2      | Reached skill level 4 in Spellcasting
  1220 | D:2      | Reached XP level 5. HP: 36/40 MP: 0/0
  1220 | D:2      | Learned a level 2 spell: Lesser Beckoning
  1294 | D:2      | Noticed Sigmund
  1307 | D:2      | Killed Sigmund
  1308 | D:2      | Reached XP level 6. HP: 13/47 MP: 0/0
  1530 | D:2      | Noticed Natasha
  1533 | D:2      | Killed Natasha
  1742 | D:2      | Noticed Natasha
  1753 | D:2      | Killed Natasha
  1816 | D:2      | Noticed Natasha
  1856 | D:2      | Killed Natasha
  2023 | D:3      | Reached XP level 7. HP: 36/53 MP: 0/0
  2023 | D:3      | Learned a level 2 spell: Momentum Strike
  2357 | D:3      | Found a runed translucent gate.
  2358 | D:3      | Found a runed translucent gate.
  2358 | D:3      | Found a runed translucent gate.
  2359 | D:3      | Found an opulent altar of Gozag.
  2360 | D:3      | Noticed tgirl's ghost (weakling OpMo)
  2625 | D:3      | Noticed Robin
  2629 | D:3      | Killed Robin
  2638 | D:3      | Reached skill level 5 in Spellcasting
  2802 | D:3      | Noticed Ijyb
  2811 | D:3      | Killed Ijyb
  3264 | D:4      | Reached skill level 5 in Fighting
  3718 | D:5      | Entered Level 5 of the Dungeon
  3740 | D:5      | Found a snail-covered altar of Cheibriados.
  3748 | D:5      | Reached XP level 8. HP: 33/61 MP: 0/0
  3861 | D:5      | Found a runed translucent gate.
  3870 | D:5      | Found a runed translucent gate.
  3870 | D:5      | Found a runed translucent gate.
  3871 | D:5      | Noticed baller8008's ghost (novice DECj)
  4234 | D:6      | Noticed Edmund
  4251 | D:6      | Killed Edmund
  4324 | D:6      | Reached skill level 6 in Spellcasting
  4573 | D:6      | Found a hide-covered altar of Uskayaw.
  4736 | D:6      | Reached XP level 9. HP: 54/68 MP: 0/0
  4736 | D:6      | Learned a level 3 spell: Gell's Gravitas
  4861 | D:6      | Noticed Menkaure
  4870 | D:6      | Killed Menkaure
  4871 | D:6      | Reached skill level 7 in Spellcasting
  5191 | D:6      | Found a bloodstained altar of Trog.
  5328 | D:7      | Reached skill level 8 in Spellcasting
  5334 | D:7      | Shot with an arrow by a centaur

Illustrated notes

Levels and vault maps discovered:
D:1:      denvon_arrival_planthouse, layout_loops_ring
D:2:      layout_loops_ring, basic_altar, uniq_jessica, uniq_natasha,
          uniq_sigmund
D:3:      layout_loops_corners, ebering_ghost_gozag, minivault_27,
          kennysheep_cross_room, uniq_ijyb, uniq_robin
D:4:      layout_cave_pools, minivault_24
D:5:      layout_cave_pools, kennysheep_slug_shrine, ebering_ghost_rock_garden,
          st_stairs_9
D:6:      layout_basic, mainiacjoe_overflow_alcove_2, lemuel_round_altar,
          chequers_avenue, roderic_serpentine_path, hangedman_decor_peaks_small,
          uniq_menkaure, uniq_edmund
D:7:      layout_cave_pools, marbit_many_paths, minmay_temple_entry_wispy,
          minmay_chambers_of_fives

Skill      XL: |  1  2  3  4  5  6  7  8  9 |
---------------+----------------------------+-----
Fighting       | 1 2 4 5 7 |  7.0
Spellcasting   | 4 5 6 8 |  8.2
Dodging        | |  2.1
Stealth        | |  1.5

Action                     |  1- 3 |  4- 6 |  7- 9 || total
---------------------------+-------+-------+-------++-------
  Melee: Dagger            |    13 |       |       ||    13
         Whip              |     1 |     6 |    17 ||    24
   Cast: Magic Dart        |    30 |    10 |    18 ||    58
         Searing Ray       |     5 |    14 |    38 ||    57
         Freeze            |     3 |     3 |     9 ||    15
         Dazzling Flash    |     1 |     3 |     2 ||     6
         Iskenderun's Myst |       |     3 |    25 ||    28
         Fulminant Prism   |       |     5 |     4 ||     9
         Lesser Beckoning  |       |     3 |     1 ||     4
         Momentum Strike   |       |       |    12 ||    12
         Gell's Gravitas   |       |       |     1 ||     1
 Armour: Robe              |     3 |     4 |    16 ||    23
  Dodge: Dodged            |    23 |    23 |    56 ||   102

Table legend: (Time is in decaauts)
 A = Elapsed time spent in this place.
 B = Non-inter-level travel time spent in this place.
 C = Inter-level travel time spent in this place.
 D = Time resting spent in this place.
 E = Time spent auto-exploring this place.
 F = Levels seen in this place.
 G = Mean time per level.
                   A        B        C        D        E       F      G
               +--------+--------+--------+--------+--------+-----+--------+
         Total |   5331 |   5102 |    229 |      5 |   3791 |   7 |  761.6 |
       Dungeon |   5331 |   5102 |    229 |      5 |   3791 |   7 |  761.6 |
               +--------+--------+--------+--------+--------+-----+--------+

Top non-repeatable levels by time:
     D:3: 1219 daAuts
     D:2: 1170 daAuts
     D:6: 1131 daAuts
     D:1: 732 daAuts
     D:4: 593 daAuts
     D:5: 459 daAuts
     D:7: 24 daAuts
